 Dungeon Crawl Stone Soup version 0.20-a0-15-g26ddc15 (webtiles) character file.

133667 GordonOverkill the Devastator (level 16, -3/134 HPs)
             Began as a White Draconian Fire Elementalist on Oct 29, 2016.
             Was the Champion of Vehumet.
             Slain by a demonic crawler (6 damage)
             ... on level 1 of the Spider Nest on Nov 3, 2016.
             The game lasted 02:56:22 (43048 turns).

GordonOverkill the Devastator (DrFE)               Turns: 43048, Time: 02:56:23

Health: -3/134     AC: 12    Str: 18    XL:     16   Next: 60%
Magic:  30/30      EV: 15    Int: 21    God:    Vehumet [******]
Gold:   1980       SH:  0    Dex: 14    Spells: 8 memorised, 2 levels left

rFire  + + .     SeeInvis .     p - +8 flail "Sucufo" {venom, rElec rPois Dex+3}
rCold  + . .     Gourm    .     (armour unavailable)
rNeg   + . .     Faith    .     r - +0 buckler
rPois  +         Spirit   .     v - +2 hat
rElec  +         Reflect  .     H - +3 cloak of the Hall of Blades {rElec rN+ Dex-2}
rCorr  .         Harm     .     S - +0 pair of gloves
MR     ++...                    q - +2 pair of boots {run}
Stlth  +.........               P - amulet of magic regeneration
                                B - +5 ring of protection
                                V - ring "Ufie" {rF+ MR+ Str+7}

@: confused, lethally poisoned (-3 -> -23), corroded, quick
A: breathe frost, unfitting armour, big wings, horns 1, cold resistance 1, fire
resistance 1, cold-blooded, AC +9
a: Breathe Frost, Fly, Renounce Religion


You were on level 1 of the Spider Nest.
You worshipped Vehumet.
Vehumet was exalted by your worship.
You were not hungry.

You visited 6 branches of the dungeon, and saw 27 of its levels.
You also visited: Ossuary and Ice Cave.

You collected 2880 gold pieces.
You spent 900 gold pieces at shops.

Inventory:

Hand Weapons
 p - the +8 flail "Sucufo" (weapon) {venom, rElec rPois Dex+3}
   (You bought it in a shop on level 12 of the Dungeon)

   It poisons the flesh of those it strikes.
   It affects your dexterity (+3).
   It insulates you from electricity.
   It protects you from poison.
Armour
 q - a +2 pair of boots of running (worn)
 r - a +0 buckler (worn)
 v - a +2 hat (worn)
 H - the +3 cloak of the Hall of Blades (worn) {rElec rN+ Dex-2}
   (You found it on level 9 of the Dungeon)

   It affects your dexterity (-2).
   It insulates you from electricity.
   It protects you from negative energy.
 S - a +0 pair of gloves (worn)
Jewellery
 o - an uncursed ring of protection from cold {unknown}
 B - a +5 ring of protection (right hand)
 P - an amulet of magic regeneration (around neck)
 V - the ring "Ufie" (left hand) {rF+ MR+ Str+7}
   (You found it on level 10 of the Dungeon)

   [ring of protection from fire]

   It affects your strength (+7).
   It protects you from fire.
   It affects your resistance to hostile enchantments.
Wands
 a - a wand of teleportation (5/9)
 f - a wand of teleportation (6/9)
 F - a wand of lightning (8/15)
 L - a wand of digging (13/24)
 R - a wand of disintegration (4/24)
 T - a wand of iceblast (7/15)
Scrolls
 e - 4 scrolls of amnesia
 h - 2 scrolls of fog
 i - 17 scrolls of remove curse
 k - 2 scrolls of teleportation
 l - 2 scrolls of magic mapping
 t - 4 scrolls of blinking
 D - 4 scrolls of fear
 J - a scroll of recharging
 X - 2 scrolls of summoning
Potions
 c - 8 potions of haste
 d - 14 potions of curing
 g - a potion of might {unknown}
 m - 4 potions of lignification
 n - 9 potions of flight
 I - 2 potions of resistance
 O - 6 potions of agility
Comestibles
 b - 17 bread rations
 j - a meat ration


   Skills:
 - Level 10.0 Fighting
 - Level 6.0 Dodging
 - Level 1.7 Stealth
 - Level 5.1 Shields
 - Level 10.5 Spellcasting
 - Level 18.0 Conjurations
 - Level 10.0 Summonings
 - Level 5.1 Necromancy
 - Level 4.0 Translocations
 - Level 7.0 Fire Magic
 + Level 12.6 Ice Magic


You had 2 spell levels left.
You knew the following spells:

 Your Spells              Type           Power        Failure   Level  Hunger
a - Bolt of Cold          Conj/Ice       ######....   1%          6    ######.
b - Conjure Flame         Conj/Fire      ######..     1%          3    None
c - Sticky Flame          Conj/Fire      ######..     1%          4    ##.....
d - Fireball              Conj/Fire      ######....   1%          5    ####...
e - Animate Skeleton      Necr           N/A          1%          1    None
f - Apportation           Tloc           ####......   1%          1    None
g - Orb of Destruction    Conj           ######....   1%          7    #######
h - Spellforged Servitor  Conj/Summ      ######....   4%          7    #######


Dungeon Overview and Level Annotations

Branches:
Dungeon (15/15)            Temple (1/1) D:7            Lair (6/6) D:11
  Swamp (2/4) Lair:2       Spider (1/4) Lair:3        Slime (0/5) Lair:5
    Orc (2/2) D:12            Elf (0/3) Orc:2        Vaults (0/5) D:14
 Depths (0/5) D:15

Altars:
Ashenzari
Cheibriados
Dithmenos
Elyvilon
Fedhas
Gozag
Hepliaklqana
Kikubaaqudgha
Makhleb
Nemelex Xobeh
Okawaru
Qazlal
Ru
Sif Muna
Trog
Uskayaw
Vehumet
Xom
Yredelemnul
Zin
The Shining One
Jiyva

Shops:
D:7 [   D:12 ([   D:14 :   Orc:1 }   Orc:2 [*[=}


Innate Abilities, Weirdness & Mutations

You can breathe waves of freezing cold.
You can buffet flying creatures when you breathe cold.
Your icy white scales are hard. (AC +9)
You cannot fit into any form of body armour.
Your flesh is cold resistant. (rC+)
You are cold-blooded and may be slowed by cold attacks.
Your large and strong wings let you fly indefinitely.
You have a pair of small horns on your head.
Your flesh is heat resistant. (rF+)


Message History

The entropy weaver hits you but does no damage.
The demonic crawler hits you but does no damage.
The demonic crawler hits you.
* * * LOW HITPOINT WARNING * * *
The demonic crawler misses you. The tarantella bites you!
* * * LOW HITPOINT WARNING * * *
The redback misses you.
A redback comes into view.
Unknown command.
Unknown command.
Unknown command.
Unknown command.
You're too confused to move!
You feel less invigorated.
* * * LOW HITPOINT WARNING * * *
You feel very sick.
The entropy weaver gestures wildly while chanting.
The entropic weave corrodes you!
The demonic crawler hits you but does no damage.
The demonic crawler hits you.
You die...

#.. . #..#. ##
#. .... ##.# #..
##..##... ..#
...#... . ^.#
.†..##>..
#≈##....≈#
#.##.#@s###..##
#..>sasss.....#
##...ss#^..####
.....####)#....#
...#. ## ..## .#
# ... .. .


You could see an entropy weaver, 2 demonic crawlers, a tarantella and 4
redbacks.

Vanquished Creatures
  Rupert (D:14)
  Frances (Swamp:1)
  An orc warlord (D:12)
  A frost giant (IceCv)
  Josephine (Swamp:1)
  Snorg (Lair:3)
  A fire dragon (D:14)
  4 catoblepae (Lair:6)
  8 hydras
  8 centaur warriors
  Erica (D:9)
  3 death knights
  3 alligators (Swamp:1)
  16 death yaks
  3 orc high priests (Orc:2)
  Nergalle (Lair:3)
  Sonja (Lair:3)
  A skeletal warrior (D:15)
  An unseen horror (D:15)
  The ghost of reaperXD the Martial Artist, a novice OpMo of Gozag (D:7)
  4 wizards
  5 hill giants
  A swamp dragon (Swamp:1)
  A necromancer (D:15)
  8 orc knights
  A phantasmal warrior (D:12)
  Pikel (D:8)
  2 wolf spiders
  3 deep elf magi
  9 orc sorcerers
  20 ugly things
  A cyclops (Orc:2)
  3 manticores
  An ice statue (IceCv)
  An elephant (Lair:6)
  A torpor snail (shapeshifter) (D:12)
  A gargoyle (D:12)
  2 black mambas
  8 centaur skeletons
  14 spiny frogs
  A rime drake (shapeshifter) (D:15)
  6 komodo dragons
  2 kobold demonologists
  2 rime drakes (Lair:4)
  An efreet (D:14)
  5 freezing wraiths
  A demonic crawler (Lair:3)
  13 trolls
  9 polar bears (IceCv)
  2 hornets
  A jumping spider (Lair:3)
  3 two-headed ogres
  A tyrant leech (Lair:2)
  Grinder (D:3)
  A bog body (Swamp:1)
  4 blink frogs
  8 hippogriffs
  12 slime creatures
  Sigmund (D:4)
  3 wyverns
  6 redbacks
  A spriggan (D:8)
  39 yaks
  4 shadows
  A tarantella (shapeshifter) (D:13)
  2 vampires (D:12)
  A tarantella (Spider:1)
  6 wraiths
  16 humans
  A fire bat (Lair:6)
  4 basilisks
  5 hungry ghosts
  10 vampire mosquitoes
  2 wargs
  3 mottled dragons (D:13)
  Edmund (D:4)
  6 insubstantial wisps (Swamp:1)
  7 swamp worms
  A soldier ant (D:12)
  14 water moccasins
  37 orc warriors
  9 porcupines
  5 ice beasts
  2 swamp drakes (Swamp:1)
  A black bear (D:10)
  A hornet zombie (D:15)
  3 sky beasts
  3 slaves (D:8)
  An eye of draining (D:13)
  A phantom (D:13)
  3 necrophages
  15 wolves
  11 ogres
  10 crocodiles
  22 centaurs
  2 big kobolds
  22 bullfrogs
  5 wyvern skeletons
  5 scorpions
  12 killer bees
  A vampire bat (D:6)
  2 wights (D:9)
  9 howler monkeys
  An electric eel (Lair:3)
  2 centaur zombies
  A lava snake (Lair:6)
  6 crimson imps
  4 bullfrog zombies
  10 jellies
  A quasit (D:11)
  A bullfrog skeleton (D:9)
  23 orc priests
  Crazy Yiuf (D:7)
  6 hounds
  33 orc wizards
  Jessica (D:3)
  3 iguanas
  16 worker ants
  A killer bee zombie (D:5)
  A hound skeleton (D:10)
  4 mummies
  A worker ant zombie (D:6)
  13 adders
  6 gnolls
  4 shadow imps
  9 white imps (Lair:5)
  An ooze (D:6)
  3 adder zombies
  An adder skeleton (D:6)
  3 worms
  2 dart slugs (D:1)
  4 leopard geckos
  115 orcs
  2 ball pythons
  19 bats
  2 giant cockroaches
  6 goblins
  8 hobgoblins
  10 jackals
  19 kobolds
  6 quokkas
  6 frilled lizards
  2 goblin zombies (Ossuary)
  3 hobgoblin zombies (Ossuary)
  3 kobold zombies (Ossuary)
  A leopard gecko zombie (D:9)
  2 quokka skeletons
  5 quokka zombies
  10 rats
  5 rat zombies
  A fungus (Lair:5)
921 creatures vanquished.

Vanquished Creatures (collateral kills)
  An orc warlord (Orc:2)
  A hydra (Lair:6)
  A centaur warrior (D:14)
  A catoblepas (shapeshifter) (D:14)
  A death yak (Lair:6)
  A tengu warrior (D:13)
  An unseen horror (D:14)
  An orc knight (Orc:2)
  A hill giant (D:13)
  A wolf spider zombie (D:15)
  An orc sorcerer (Orc:1)
  4 elephants (Lair:6)
  A spiny frog (Lair:5)
  4 komodo dragons
  A jumping spider (Spider:1)
  A meliai (D:12)
  2 polar bears (IceCv)
  2 hornets
  A two-headed ogre (D:12)
  A harpy skeleton (D:15)
  A blink frog (Lair:5)
  2 hippogriffs
  3 redbacks (Spider:1)
  A spriggan (Swamp:1)
  6 yaks
  A tarantella (Spider:1)
  6 fire bats (Lair:6)
  A vampire mosquito (D:15)
  2 wargs (Orc:2)
  2 swamp worms (Swamp:1)
  4 water moccasins
  A porcupine (Lair:4)
  A hornet zombie (D:15)
  An ogre (Orc:1)
  2 wolves (IceCv)
  2 centaurs (D:15)
  3 crocodiles
  2 bullfrogs
  A wyvern skeleton (D:10)
  3 orc wizards
  3 white imps (Lair:5)
  8 orcs
84 creatures vanquished.

Vanquished Creatures (others)
  A polar bear (IceCv)
  A slave (D:9)
  2 orc priests (Orc:2)
  3 orc wizards
  9 fungi
  10 plants
26 creatures vanquished.

Grand Total: 1031 creatures vanquished

Notes
Turn   | Place    | Note
-------+----------+-------------------------------------------
     0 | D:1      | GordonOverkill the Draconian Fire Elementalist began the quest for the Orb.
     0 | D:1      | Reached XP level 1. HP: 14/14 MP: 3/3
   333 | D:1      | Reached skill level 2 in Conjurations
   336 | D:1      | Reached XP level 2. HP: 16/20 MP: 1/5
   954 | D:1      | Reached skill level 3 in Conjurations
   979 | D:1      | Reached XP level 3. HP: 26/26 MP: 3/6
  1017 | D:1      | Learned a level 3 spell: Conjure Flame
  1552 | D:2      | Found a bloodstained altar of Trog.
  1730 | D:2      | Reached XP level 4. HP: 33/33 MP: 4/7
  1770 | D:2      | Reached skill level 4 in Conjurations
  2383 | D:3      | Reached skill level 5 in Conjurations
  2383 | D:3      | Reached XP level 5. HP: 16/38 MP: 5/8
  2574 | D:3      | Learned a level 4 spell: Sticky Flame
  2946 | D:3      | Noticed Grinder
  3021 | D:3      | Killed Grinder
  3021 | D:3      | Reached skill level 5 in Fire Magic
  3021 | D:3      | Reached XP level 6. HP: 45/45 MP: 0/9
  3223 | D:3      | Noticed Jessica
  3231 | D:3      | Killed Jessica
  3701 | D:4      | Noticed Sigmund
  3702 | D:4      | Noticed Edmund
  3928 | D:4      | Killed Edmund
  3928 | D:4      | Your scales start taking on an icy white colour.
  3928 | D:4      | Reduced skill Fire Magic to level 5
  3928 | D:4      | Reached XP level 7. HP: 31/50 MP: 0/10
  3928 | D:4      | Gained mutation: Your flesh is cold resistant. (rC+) [White Draconian growth]
  4482 | D:4      | Found a sparkling altar of Nemelex Xobeh.
  4507 | D:4      | Reached skill level 6 in Conjurations
  4791 | D:5      | Entered Level 5 of the Dungeon
  4936 | D:5      | Reached skill level 7 in Conjurations
  5011 | D:5      | Found a sand-covered staircase.
  5024 | Ossuary  | Entered an ossuary
  5526 | D:5      | Found an iron altar of Okawaru.
  5530 | D:5      | Got a warped spear
  5531 | D:5      | Identified the +7 spear of Dauragom {freeze, rN+ Stlth+} (You found it on level 5 of the Dungeon)
  5622 | D:5      | Reached XP level 8. HP: 57/57 MP: 11/11
  5783 | D:6      | Reached skill level 8 in Conjurations
  5959 | D:6      | HP: 2/57 [centaur/arrow (17)]
  6050 | D:5      | Reached skill level 9 in Conjurations
  6826 | D:6      | Reached skill level 10 in Conjurations
  6923 | D:6      | Reached skill level 1 in Fighting
  7415 | D:6      | Found a blossoming altar of Fedhas.
  7415 | D:6      | Found an ancient bone altar of Kikubaaqudgha.
  7643 | D:4      | Killed Sigmund
  7643 | D:4      | Reached XP level 9. HP: 67/68 MP: 8/13
  7784 | D:6      | Learned a level 5 spell: Fireball
  7808 | D:7      | Noticed reaperXD's ghost (novice OpMo)
  7817 | D:7      | Found a staircase to the Ecumenical Temple.
  8008 | D:7      | Found Pasarhid's Antique Armour Boutique.
  8123 | D:7      | Killed reaperXD's ghost
  8123 | D:7      | Reached skill level 5 in Fighting
  8313 | D:7      | Reached skill level 1 in Shields
  8425 | D:7      | Reached skill level 5 in Spellcasting
  8597 | D:7      | Found a runed door.
  8601 | D:7      | Noticed Crazy Yiuf
  8608 | D:7      | Killed Crazy Yiuf
  8688 | Temple   | Entered the Ecumenical Temple
  8893 | Temple   | Became a worshipper of Vehumet
  9405 | D:8      | Found a deep blue altar of Sif Muna.
  9532 | D:8      | Learned a level 1 spell: Animate Skeleton
  9534 | D:8      | Learned a level 1 spell: Apportation
  9609 | D:8      | Noticed Pikel
  9762 | D:8      | Killed Pikel
  9762 | D:8      | Reached XP level 10. HP: 72/81 MP: 11/19
 10159 | D:9      | Reached skill level 5 in Shields
 10206 | D:9      | Reached * piety under Vehumet
 10206 | D:9      | Offered knowledge of Sandblast by Vehumet.
 10235 | D:9      | Noticed Erica
 10244 | D:9      | Killed Erica
 10432 | D:9      | Reached skill level 1 in Necromancy
 10644 | D:9      | Found a sacrificial altar of Ru.
 10761 | D:9      | Found a sparkling altar of Nemelex Xobeh.
 10870 | D:9      | Reached ** piety under Vehumet
 10887 | D:9      | Offered knowledge of Throw Frost by Vehumet.
 11071 | D:9      | Reached skill level 5 in Necromancy
 11121 | D:9      | Reached skill level 1 in Translocations
 11215 | D:9      | Got a spiked cloak
 11226 | D:9      | Identified the +3 cloak of the Hall of Blades {rElec rN+ Dex-2} (You found it on level 9 of the Dungeon)
 11349 | D:9      | Found a shadowy altar of Dithmenos.
 11414 | D:9      | Noticed a wizard
 11434 | D:9      | Paralysed by a wizard for 5 turns
 11439 | D:9      | Killed a wizard
 11439 | D:9      | Reached XP level 11. HP: 63/86 MP: 15/23
 11660 | D:10     | Entered Level 10 of the Dungeon
 12172 | D:10     | Offered knowledge of Static Discharge by Vehumet.
 12339 | D:10     | Reached *** piety under Vehumet
 12379 | D:10     | Got a twitching steel ring
 12895 | D:11     | Offered knowledge of Stone Arrow by Vehumet.
 13056 | D:11     | Noticed a cyan ugly thing
 13068 | D:11     | Killed a cyan ugly thing
 13144 | D:11     | Noticed a hill giant
 13154 | D:11     | Killed a hill giant
 13269 | D:11     | Found a staircase to the Lair.
 13352 | D:11     | Found Juwev's Food Emporium.
 13559 | D:11     | Identified the ring "Ufie" {rF+ MR+ Str+7} (You found it on level 10 of the Dungeon)
 13868 | D:11     | Noticed a centaur warrior
 13879 | D:11     | Killed a centaur warrior
 14112 | Lair:1   | Entered Level 1 of the Lair of Beasts
 14225 | Lair:1   | Reached skill level 11 in Conjurations
 14576 | Lair:1   | Reached skill level 5 in Dodging
 14606 | Lair:1   | Reached **** piety under Vehumet
 14608 | Lair:1   | Offered knowledge of Olgreb's Toxic Radiance by Vehumet.
 14914 | Lair:1   | Noticed a four-headed hydra
 14931 | Lair:1   | Killed a four-headed hydra
 14931 | Lair:1   | Reached XP level 12. HP: 92/94 MP: 18/24
 15552 | Lair:2   | Found a staircase to the Swamp.
 16085 | Lair:2   | Noticed a five-headed hydra
 16092 | Lair:2   | Killed a five-headed hydra
 16092 | Lair:2   | Reached skill level 12 in Conjurations
 16443 | Lair:3   | Noticed Sonja
 16610 | Lair:3   | Killed Sonja
 16702 | Lair:3   | Found a hole to the Spider Nest.
 17135 | Lair:3   | Noticed Snorg
 17475 | Lair:3   | Noticed Nergalle
 17665 | Lair:3   | Killed Snorg
 17665 | Lair:3   | Reached skill level 13 in Conjurations
 17679 | Lair:3   | Killed Nergalle
 18246 | Lair:3   | Learned a level 7 spell: Orb of Destruction
 18465 | Lair:4   | Noticed a death yak
 18468 | Lair:4   | Noticed a death yak
 18471 | Lair:4   | Noticed a death yak
 18472 | Lair:4   | Noticed a death yak
 18473 | Lair:4   | Killed a death yak
 18475 | Lair:4   | Noticed a death yak
 18486 | Lair:4   | Killed a death yak
 18576 | Lair:3   | Killed a death yak
 18817 | Lair:4   | Noticed a death yak
 18833 | Lair:3   | Killed a death yak
 18833 | Lair:3   | Reached skill level 14 in Conjurations
 18859 | Lair:3   | Killed a death yak
 18870 | Lair:3   | Killed a death yak
 18870 | Lair:3   | Reached XP level 13. HP: 67/105 MP: 15/25
 19476 | Lair:5   | Reached ***** piety under Vehumet
 19492 | Lair:5   | Offered knowledge of Ozocubu's Refrigeration by Vehumet.
 19497 | Lair:5   | Found a frozen archway.
 19596 | IceCv    | Entered an ice cave
 20141 | IceCv    | Reached skill level 15 in Conjurations
 20265 | IceCv    | Noticed a frost giant
 20492 | IceCv    | Killed a frost giant
 21479 | Lair:5   | Found a staircase to the Slime Pits.
 21479 | Lair:5   | Found a viscous altar of Jiyva.
 21906 | Lair:5   | Reached skill level 16 in Conjurations
 22101 | Lair:6   | Entered Level 6 of the Lair of Beasts
 22994 | Lair:6   | Reached skill level 17 in Conjurations
 23068 | Lair:6   | Reached XP level 14. HP: 21/113 MP: 11/26
 24021 | Lair:6   | Reached skill level 18 in Conjurations
 24081 | Lair:6   | Learned a level 7 spell: Spellforged Servitor
 24231 | Lair:6   | Reached skill level 1 in Summonings
 25184 | Lair:1   | Gained mutation: Your flesh is heat resistant. (rF+) [potion of beneficial mutation]
 25185 | Lair:1   | Gained mutation: Your large and strong wings let you fly indefinitely. [potion of beneficial mutation]
 25186 | Lair:1   | Gained mutation: You have a pair of small horns on your head. [potion of beneficial mutation]
 25411 | D:12     | Offered knowledge of Conjure Ball Lightning by Vehumet.
 26632 | D:12     | Found a staircase to the Orcish Mines.
 26670 | D:12     | Found Ypseufebb's Armour Shoppe.
 26682 | D:12     | Found Aggaysiq's Antique Weapon Shoppe.
 26716 | D:12     | Bought a bloodstained flail for 297 gold pieces
 26716 | D:12     | Identified the +8 flail "Sucufo" {venom, rElec rPois Dex+3} (You bought it in a shop on level 12 of the Dungeon)
 26786 | Orc:1    | Entered Level 1 of the Orcish Mines
 27345 | Orc:1    | Reached skill level 5 in Summonings
 27571 | Orc:1    | Found Zyesiymu's Gadget Shoppe.
 27589 | Orc:1    | Noticed an orc warlord
 27964 | D:12     | Killed an orc warlord
 28024 | Orc:1    | Offered knowledge of Lightning Bolt by Vehumet.
 28505 | Orc:2    | Entered Level 2 of the Orcish Mines
 28881 | Orc:2    | Found a staircase to the Elven Halls.
 29734 | Orc:2    | Found Wurpheq's Quality Used Wands.
 30200 | Orc:2    | Paralysed by an orc sorcerer for 2 turns
 30574 | Orc:2    | Reached XP level 15. HP: 34/118 MP: 22/28
 30999 | Orc:2    | Offered knowledge of Freezing Cloud by Vehumet.
 31386 | Orc:2    | Found Ufureig's Jewellery Boutique.
 31386 | Orc:2    | Found Ceicatuc's Antique Armour Shoppe.
 31391 | Orc:2    | Found Wutej's General Store.
 31391 | Orc:2    | Found Zaw Niat's Antique Armour Shoppe.
 31404 | Orc:2    | Bought a pair of runed boots for 273 gold pieces
 31414 | Orc:2    | Identified a +0 pair of boots of running (You bought it in a shop on level 2 of the Orcish Mines)
 31456 | Orc:2    | Noticed an orc warlord
 31475 | Orc:2    | Killed an orc warlord
 32368 | D:13     | Reached skill level 10 in Summonings
 33422 | D:13     | Paralysed by a floating eye for 4 turns
 33458 | D:13     | Offered knowledge of Bolt of Cold by Vehumet.
 33563 | D:13     | Got a jewelled mace
 33588 | D:14     | Found a gate to the Vaults.
 34731 | D:14     | Noticed Rupert
 34745 | D:14     | Killed Rupert
 34772 | D:14     | Reached skill level 10 in Spellcasting
 34773 | D:14     | Found Xera Tik's Book Boutique.
 36002 | D:13     | Learned a level 6 spell: Bolt of Cold
 36186 | D:14     | Reached skill level 1 in Ice Magic
 36665 | D:14     | Reached skill level 10 in Fighting
 37149 | D:15     | Entered Level 15 of the Dungeon
 37352 | D:14     | Reached skill level 5 in Ice Magic
 37424 | D:14     | Reached XP level 16. HP: 60/134 MP: 14/30
 37676 | D:15     | Reached ****** piety under Vehumet
 37812 | D:15     | Offered knowledge of Bolt of Fire by Vehumet.
 38372 | D:15     | Got a fine wooden ring
 39666 | D:15     | Found a staircase to the Depths.
 39738 | D:15     | Reached skill level 10 in Ice Magic
 39953 | Lair:1   | Identified the ring "Enuepu" {+Fly Int+4 Dex-5 SInv} (You took it off a crimson imp on level 15 of the Dungeon)
 39954 | Lair:1   | Identified the cursed +0 mace "Vaigeu" {vamp, rPois rN++ Dex+9 Stlth-} (You found it on level 13 of the Dungeon)
 40423 | Orc:1    | Bought a wand of teleportation (6/9) for 330 gold pieces
 40619 | Swamp:1  | Entered Level 1 of the Swamp
 40619 | Swamp:1  | Noticed Frances
 40622 | Swamp:1  | Killed Frances
 40834 | Swamp:1  | Noticed Josephine
 40841 | Swamp:1  | Killed Josephine
 42054 | Swamp:1  | Noticed a Tzitzimitl
 42075 | Swamp:2  | Noticed a thorn hunter
 42523 | Spider:1 | Entered Level 1 of the Spider Nest
 42680 | Lair:3   | Offered knowledge of Poison Arrow by Vehumet.
 43018 | Lair:3   | Upgraded the game from 0.20-a0-2-g2b0e13a to 0.20-a0-4-gd166d5d
 43018 | Lair:3   | Upgraded the game from 0.20-a0-4-gd166d5d to 0.20-a0-9-g62d82d9
 43018 | Lair:3   | Upgraded the game from 0.20-a0-9-g62d82d9 to 0.20-a0-15-g26ddc15
 43047 | Spider:1 | HP: 3/134 [tarantella (15)]
 43048 | Spider:1 | Slain by a demonic crawler

Vault maps used:
D:1:      lightli_arrival_lavapool
D:2:      marbit_many_paths, kennysheep_generic_room_14
D:3:      small_statue_intersection, uniq_jessica, uniq_grinder
D:4:      nemelex_xobeh_ov_fountains_minmay, uniq_edmund, uniq_sigmund
D:5:      enter_ossuary_4, first_bread, okawaru_ov_weapons_minmay
D:6:      grunt_temple_overflow_growth_and_decay, roderic_batcave,
          minmay_fountain_box, serial_park_tiny_1
D:7:      lemuel_ice_spiral_2, serial_shops, kennysheep_mini_moat,
          uniq_crazy_yiuf_cottage
D:8:      the_bakery, led_sif_pool, uniq_pikel
D:9:      hangedman_cross_stitches, lemuel_doored_altar,
          nicolae_dithmenos_shadow_blocks, serial_undead, serial_undead_d,
          serial_undead_b, serial_undead_a, serial_undead_e,
          nemelex_spade_bored_becter, uniq_erica
D:10:     kennysheep_blocky_hall
D:11:     lair_0_dummy, serial_shops, shop, minivault_5,
          kennysheep_generic_room_3
D:12:     minmay_big_diamond_grid, orc_david_3, serial_shops, shop
D:13:     minmay_blocky_corners
D:14:     david_vaults_3, minmay_door_square, serial_shops, shop, uniq_rupert
D:15:     grunt_enter_depths_magical_seal, minivault_26,
          hangedman_decor_opposing
Temple:   regret_index_temple_generic_petals
Lair:1:   bh_autumn_forest_stairs
Lair:2:   minmay_swamp_entry_worms, grunt_megastairs_3
Lair:3:   spider_nest_entry_a, serial_bayou_pond_e,
          grunt_forest_small_clearings, minivault_24, serial_bayou_shore_a,
          uniq_snorg, uniq_nergalle, uniq_sonja
Lair:5:   slime_altar_1, portal_ice_cave_entry_imps
Lair:6:   evilmike_catoblepas_cave, minivault_25, fungi_pond_lemuel
Swamp:1:  evilmike_swamp_ruin_house_2, uniq_frances, uniq_josephine
Swamp:2:  serial_swamp_ruin, evilmike_swamp_ruin_house_4,
          evilmike_swamp_ruin_wall, evilmike_swamp_ruin_house_3
Orc:1:    serial_shops, nicolae_shop_waterfront
Orc:2:    grunt_orc_tribal_feast, nicolae_for_you_no_charge
Ossuary:  ossuary_minmay_chase
IceCv:    ice_cave_small_giant

Skill      XL: |  1  2  3  4  5  6  7  8  9 10 11 12 13 14 15 16 |
---------------+-------------------------------------------------+-----
Conjurations   | 2 3 5 7 10 11 14 17 18 | 18.0
Fire Magic     | 5 5 7 |  7.0
Fighting       | 2 5 7 10 | 10.0
Spellcasting   | 3 6 8 9 10 | 10.5
Shields        | 4 5 |  5.1
Necromancy     | 5 |  5.1
Translocations | 3 4 |  4.0
Dodging        | 5 6 |  6.0
Summonings     | 8 10 | 10.0
Ice Magic      | 5 12 | 12.6
Stealth        | |  1.7

Action                   |  1- 3 |  4- 6 |  7- 9 | 10-12 | 13-15 | 16-18 || total
-------------------------+-------+-------+-------+-------+-------+-------++-------
Melee: Whip              |    26 |     1 |       |       |       |       ||    27
       Tailslap          |     1 |     9 |    32 |    34 |   129 |    38 ||   243
       Short sword       |       |    28 |    92 |       |       |       ||   120
       Spear             |       |       |   186 |   392 |   430 |       ||  1008
       Flail             |       |       |       |       |   422 |   244 ||   666
       Headbutt          |       |       |       |       |   119 |    57 ||   176
 Cast: Flame Tongue      |    68 |    78 |    87 |   221 |   151 |       ||   605
       Sticky Flame      |       |     4 |    22 |   108 |   337 |    61 ||   532
       Conjure Flame     |       |       |     1 |    15 |    35 |     1 ||    52
       Fireball          |       |       |       |    12 |    68 |    54 ||   134
       Animate Skeleton  |       |       |       |    18 |   148 |    18 ||   184
       Orb of Destructio |       |       |       |     5 |    40 |     9 ||    54
       Bolt of Cold      |       |       |       |       |     9 |    18 ||    27
       Spellforged Servi |       |       |       |       |       |     1 ||     1
Evoke: Wand              |       |       |       |     2 |     4 |     1 ||     7
  Use: Scroll            |       |     9 |    10 |    13 |    19 |     7 ||    58
       Potion            |       |       |     2 |     1 |    10 |     7 ||    20
 Stab: Sleeping          |       |     1 |    15 |     1 |     1 |       ||    18
       Distracted        |       |       |     1 |       |     7 |       ||     8
  Eat: Chunk             |     4 |     9 |    18 |    40 |    91 |    19 ||   181
       Beef jerky        |       |       |     1 |     2 |       |       ||     3
       Meat ration       |       |       |     1 |     1 |     3 |     4 ||     9
       Pizza             |       |       |       |     4 |       |       ||     4
       Fruit             |       |       |       |       |    15 |     3 ||    18
       Royal jelly       |       |       |       |       |     1 |     1 ||     2
Armor: Skin              |    15 |    14 |   129 |   251 |   624 |   255 ||  1288
Dodge: Dodged            |    59 |    30 |   186 |   337 |   925 |   326 ||  1863
Block: Buckler           |       |       |       |   114 |   340 |   104 ||   558
